 Dungeon Crawl Stone Soup version 0.29.0-4-gdea44cf6ec (webtiles) character file.

Game seed: 12687456826544139346

19 qw the Chopper (level 2, -8/24 HPs)
             Began as a Barachi Chaos Knight on Sept 4, 2022.
             Killed by nerve-wracking pain
             ... invoked by a shadow imp
             ... summoned by Xom
              (9 damage)
             ... on level 1 of the Dungeon.
             The game lasted 00:00:18 (784 turns).

qw the Chopper (Barachi Chaos Knight)                Turns: 784, Time: 00:00:18

Health: -8/24      AC:  5    Str: 13    XL:     2   Next: 75%
Magic:  2/2        EV: 11    Int: 12    God:
Gold:   32         SH:  0    Dex: 11    Spells: 1/1 levels left

rFire   . . .      SeeInvis .   a - +0 hand axe (chaos)
rCold   . . .      Faith    .   (no shield)
rNeg    . . .      Spirit   .   b - +2 leather armour
rPois   .          Reflect  .   (no helmet)
rElec   .          Harm     .   (no cloak)
rCorr   .          Rampage  .   (no gloves)
Will    .....                   (no boots)
Stlth   +.........              (no amulet)
HPRegen 0.08/turn               (no ring)
MPRegen 0.08/turn               (no ring)

@: slow
A: amphibious, slowness 1, strong legs 1, +LOS
a: Hop


You were on level 1 of the Dungeon.
You visited 1 branch of the dungeon, and saw 1 of its levels.

You collected 32 gold pieces.


Innate Abilities, Weirdness & Mutations

You are amphibious.
You cover ground slowly.
You can hop short distances.
You have an extended range of vision and can be seen from far away.


   Skills:
 - Level 3.6 Fighting
 + Level 4.3 Axes
 - Level 2.4 Armour
 - Level 1.1 Dodging


You had one spell level left.
You didn't know any spells.
Your spell library was empty.

Inventory:

Hand Weapons
 a - a +0 hand axe of chaos (weapon)
Armour
 b - a +2 leather armour (worn)
Jewellery
 f - a +6 ring of dexterity
Scrolls
 d - a scroll of poison {unknown}
Potions
 e - a potion of curing {unknown}
Miscellaneous
 c - a piece from Xom's chessboard (15/15)

Dungeon Overview and Level Annotations

Branches:
Dungeon (1/15)

Altars:

Shops:
D:1 (


Message History

The goblin hits you with a +0 club.
You closely miss the goblin.
The goblin is lightly wounded.
The goblin barely misses you. The goblin hits you but does no damage.
You hit the goblin. You burn the goblin.
The goblin is heavily wounded.
The goblin hits you but does no damage. The goblin hits you with a +0 club.
You closely miss the goblin.
The goblin is heavily wounded.
The goblin closely misses you.
You closely miss the goblin.
The goblin is heavily wounded.
The goblin closely misses you. The goblin barely misses you.
You hit the goblin. You burn the goblin.
You kill the goblin!
You start resting.
You hear Xom's maniacal laughter.
An iron imp comes into view.
You barely miss the iron imp. You barely miss the shadow imp.
You hit the iron imp.
The iron imp is moderately wounded.
You hit the shadow imp.
The shadow imp is poisoned.
The shadow imp barely misses you.
You hit the iron imp but do no damage.
The iron imp is moderately wounded.
You miss the ufetubus. You closely miss the shadow imp.
You hit the shadow imp but do no damage.
The shadow imp appears confused.
The ufetubus hits you. The ufetubus barely misses you.
The iron imp barely misses you.
The ufetubus hits you but does no damage.
The ufetubus closely misses you. The shadow imp misses you.
You closely miss the iron imp.
The iron imp is moderately wounded.
You hit the ufetubus.
The ufetubus resists with some effort.
You closely miss the shadow imp.
The ufetubus hits you. x2; The iron imp barely misses you.
The shadow imp gestures at you. Pain shoots through your body!
You die...

#.# #.# #...##
..# #.# #...
#########.##
##.##
#.........######
.#
#.####...........
# ##...#######
.###.### #...##
........##5...#
#55@5...#
####)...# #.5###
...# #########
##.# #[......##
.#
##........#######
.#
#.######.........
.. .##
####..####### .#


You could see 2 iron imps, 2 shadow imps and an ufetubus (summoned).

Vanquished Creatures
  A bat (D:1)
  An endoplasm (D:1)
  2 giant cockroaches (D:1)
  4 hobgoblins (D:1)
  2 kobolds (D:1)
  2 ball pythons (D:1)
  3 goblins (D:1)
  2 rats (D:1)
17 creatures vanquished.

Notes
Turn   | Place    | Note
-------+----------+-------------------------------------------
     0 | D:1      | qw the Barachi Chaos Knight began the quest for the Orb.
     0 | D:1      | Reached XP level 1. HP: 18/18 MP: 1/1
     0 | D:1      | 0 ||| qw: Version: 0.1-a-103-gd6f5d3a
     0 | D:1      | 0 ||| qw: Game counter: 5594
     0 | D:1      | 0 ||| qw: Always use a shield: true
     0 | D:1      | 0 ||| qw: God list: Okawaru
     0 | D:1      | 0 ||| qw: Allow faded altars: false
     0 | D:1      | 0 ||| qw: Do Orc after D:15 true
     0 | D:1      | 0 ||| qw: Do second Lair branch before Depths: true
     0 | D:1      | 0 ||| qw: Lair rune preference: random
     0 | D:1      | 0 ||| qw: Plans: Normal
     0 | D:1      | 0 ||| PLANNING D:1-11
     0 | D:1      | Fell from the grace of Xom
    61 | D:1      | HP: 4/18 [rat (3)]
    83 | D:1      | XOM: 1-stop teleportation journey
   368 | D:1      | Reached XP level 2. HP: 24/24 MP: 2/2
   432 | D:1      | Reached skill level 4 in Axes
   533 | D:1      | Found Damaahih's Antique Weapon Emporium.
   541 | D:1      | 541 ||| SHOPLISTING whip (60 gold, have 11).
   570 | D:1      | Found a faded altar of an unknown god.
   701 | D:1      | 701 ||| Stepping ~*~*~tactically~*~*~ (stealth).
   702 | D:1      | 702 ||| Stepping ~*~*~tactically~*~*~ (stealth).
   719 | D:1      | HP: 5/24 [goblin/+0 club (6)]
   780 | D:1      | XOM: summons 5 hostile demons
   783 | D:1      | HP: 4/24 [ufetubus[Xom] (4)]
   784 | D:1      | HP: 1/24 [ufetubus[Xom] (1)]
   784 | D:1      | Killed from afar by a shadow imp

Levels and vault maps discovered:
D:1:      dpeg_arrival_simpleton_a, layout_loops_corners,
          basic_ecumenical_altar, serial_shops, nicolae_shop_stone,
          minmay_hexomino_r4

Skill      XL: |  1  2 |
---------------+-------+-----
Axes           | 4 |  4.3
Fighting       | |  3.6
Armour         | |  2.4
Dodging        | |  1.1

Action                   || total
-------------------------++-------
Melee: Hand axe          ||    61
Invok: Renounce Religion ||     1
Armor: Leather armour    ||    15
Dodge: Dodged            ||    31

Table legend:
 A = Non-vault XP
 B = Vault XP
 C = Vault XP percentage of total XP
 D = Non-vault monster count
 E = Vault monster count
 F = Vault count percentage of total count
                 A         B        C        D         E       F
            +---------+---------+-------+---------+---------+-------
      Total |      28 |       0 |   0.0 |      17 |       0 |   0.0
            +---------+---------+-------+---------+---------+-------
        D:1 |      28 |       0 |   0.0 |      17 |       0 |   0.0
            +---------+---------+-------+---------+---------+-------
